 Dungeon Crawl Stone Soup version 0.30-a0-5-g3a90980b9d (webtiles) character file.

Game seed: 2303053970248013200

42 Nedwor the Slasher (level 3, -1/28 HPs)
             Began as a Demonspawn Gladiator on Aug 22, 2022.
             Slain by an orc
             ... wielding a +0 flail
              (2 damage)
             ... on level 2 of the Dungeon.
             The game lasted 00:01:34 (2568 turns).

Nedwor the Slasher (Demonspawn Gladiator)           Turns: 2568, Time: 00:01:34

Health: -1/28      AC:  5    Str: 16    XL:     3   Next: 35%
Magic:  3/3        EV: 12    Int:  9    God:
Gold:   87         SH:  0    Dex: 14    Spells: 2/2 levels left

rFire   . . .      SeeInvis .    a - +0 long sword
rCold   . . .      Faith    .    (no shield)
rNeg    . . .      Spirit   .    b - +0 leather armour
rPois   .          Reflect  .    c - +0 helmet
rElec   .          Harm     .    k - +0 cloak
rCorr   .          Rampage  .    (no gloves)
Will    .....                    (no boots)
Stlth   +.........               (no amulet)
HPRegen 0.09/turn                (no ring)
MPRegen 0.08/turn                (no ring)

@: no status effects
A: ignite blood 1, sturdy frame 1
a: no special abilities


You were on level 2 of the Dungeon.
You visited 1 branch of the dungeon, and saw 3 of its levels.

You collected 87 gold pieces.

Inventory:

Hand Weapons
 a - a +0 long sword (weapon)
Missiles
 d - 3 throwing nets (quivered)
 e - a javelin
Armour
 b - a +0 leather armour (worn)
 c - a +0 helmet (worn)
 k - a +0 cloak (worn)
Jewellery
 j - a ring of ice
 r - a ring of protection from fire
Scrolls
 f - 4 scrolls of identify {unknown}
 g - a scroll of amnesia {unknown}
 i - 2 scrolls of immolation {unknown}
 l - a scroll of teleportation {unknown}
 m - 2 scrolls of noise {unknown}
 n - a scroll of fear {unknown}
 o - 2 scrolls of butterflies {unknown}
 s - a scroll of magic mapping {unknown}
Potions
 h - a potion of brilliance {unknown}
 p - a potion of magic {unknown}
 q - 2 potions of ambrosia {unknown}
 t - a potion of flight {unknown}


   Skills:
 + Level 2.4 Fighting
 * Level 3.3 Long Blades
 - Level 1.7 Throwing
 + Level 1.0 Armour
 + Level 3.0 Dodging


You had 2 spell levels left.
You didn't know any spells.
Your spell library contained the following spells:

 Spells                   Type           Power      Damage    Failure   Level
 Apportation              Tloc           0%         N/A       38%         1
 Confusing Touch          Hex            0%         N/A       77%         3
 Alistair's Intoxication  Tmut/Pois      0%         N/A       100%        5
 Yara's Violent Unravell  Hex/Tmut       0%         3d3       100%        5
 Enfeeble                 Hex            0%         N/A       100%        7


Dungeon Overview and Level Annotations

Branches:
Dungeon (3/15)

Altars:


Innate Abilities, Weirdness & Mutations

Your demonic aura sometimes causes spilled blood to erupt in flames.
Your movements are slightly less encumbered by armour. (ER -2)


Message History

You start resting.
HP restored.
You climb downwards.
The hobgoblin hits you. The orc hits you with a +0 flail. The orc misses you.
The rat closely misses you. The orc hits you with a +0 club.
There is a stone staircase leading up here.
The hobgoblin hits you but does no damage.
The orc closely misses you. The orc hits you with a +0 falchion.
The orc hits you but does no damage. The rat barely misses you.
You climb upwards.
There is a stone staircase leading down here.
You hit the orc.
The orc is heavily wounded.
The orc hits you with a +0 falchion. The orc barely misses you.
You hit the orc.
The orc is almost dead.
The orc closely misses you. x2
You barely miss the orc.
The orc is almost dead.
The orc closely misses you. x3; The orc hits you but does no damage.
You barely miss the orc.
The orc is almost dead.
The orc closely misses you. x2
You barely miss the orc.
The orc is almost dead.
The orc hits you but does no damage. x2
You closely miss the orc.
The orc is almost dead.
The orc hits you with a +0 falchion. The orc hits you with a +0 club.
You hit the orc.
You kill the orc!
The orc barely misses you. The orc misses you.
The orc hits you but does no damage.
The rat twitches its whiskers.
You closely miss the orc. The orc hits you with a +0 falchion.
* * * LOW HITPOINT WARNING * * *
The orc hits you with a +0 flail!
* * * LOW HITPOINT WARNING * * *
You barely miss the orc. The orc misses you. The orc hits you with a +0 flail.
You die...

############ #.# ####...
#..........###.# #...
#.#######.#.##.# ###. #.#
##.###.#.##############.
###.### #.##
##...............#.
#.....#
##.###...############.#.
##.....####..#.#### #.#.
..............#### ##.#.
##..#.........go@# #....
.......#.##...##o########
##.##
##.#####.##...##r.......#
### #.#
#.##...#########.#########
#.#####.##...# #..........
#............# #..########
##.########..# #######..#
# #.# #..# #........#
##### #.# #..###.#####.##
##....


You could see 2 orcs, a hobgoblin and a rat.

Vanquished Creatures
  An adder (D:2)
  A worm (D:2)
  2 dart slugs
  An orc (D:2)
  An endoplasm (D:2)
  2 giant cockroaches
  2 hobgoblins (D:1)
  6 kobolds
  3 quokkas
  3 ball pythons (D:1)
  A bat (D:1)
  3 frilled lizards
26 creatures vanquished.

Notes
Turn   | Place    | Note
-------+----------+-------------------------------------------
     0 | D:1      | Nedwor the Demonspawn Gladiator began the quest for the
                  | Orb.
     0 | D:1      | Reached XP level 1. HP: 16/16 MP: 1/1
   434 | D:1      | Gained mutation: Your demonic aura sometimes causes spilled
                  | blood to erupt in flames. [demonic ancestry]
   434 | D:1      | Reached XP level 2. HP: 16/22 MP: 2/2
  1363 | D:2      | Gained mutation: Your movements are slightly less
                  | encumbered by armour. (ER -2) [demonic ancestry]
  1363 | D:2      | Reached XP level 3. HP: 14/28 MP: 3/3
  1842 | D:2      | Reached skill level 1 in Armour
  2567 | D:2      | HP: 1/28 [orc/+0 flail (7)]
  2568 | D:2      | Slain by an orc

Illustrated notes

Levels and vault maps discovered:
D:1:      enne_arrival_octagon_isle, layout_basic, serial_corexii_hall,
          chequers_hall_statues_corner_a, corexii_hall_statues_i,
          corexii_hall_statues_l, chequers_hall_statues_wall_a
D:2:      layout_loops_ring
D:3:      layout_basic, shapermc_ecumenical_altar_petra, serial_shops,
          nicolae_shop_waterfront, minmay_misc_feat_encased

Skill      XL: |  1  2  3 |
---------------+----------+-----
Long Blades    | 3 |  3.3
Armour         | 1 |  1.0
Dodging        | 3 |  3.0
Fighting       | |  2.4
Throwing       | |  1.7

Action                   || total
-------------------------++-------
Melee: Long sword        ||    89
       Punch             ||     2
 Stab: Sleeping          ||     1
Armor: Leather armour    ||    26
Dodge: Dodged            ||    60

Table legend: (Time is in decaauts)
 A = Elapsed time spent in this place.
 B = Non-inter-level travel time spent in this place.
 C = Inter-level travel time spent in this place.
 D = Time resting spent in this place.
 E = Time spent auto-exploring this place.
 F = Levels seen in this place.
 G = Mean time per level.
                   A        B        C        D        E       F      G
               +--------+--------+--------+--------+--------+-----+--------+
         Total |   2590 |   2518 |     72 |    141 |   2149 |   3 |  863.3 |
       Dungeon |   2590 |   2518 |     72 |    141 |   2149 |   3 |  863.3 |
               +--------+--------+--------+--------+--------+-----+--------+

Top non-repeatable levels by time:
     D:2: 1361 daAuts
     D:1: 1223 daAuts
     D:3: 5 daAuts
